[Event "*** Titled Tuesday Blitz"]
[Site "Chess.com"]
[Date "2021.02.02"]
[Round "6"]
[White "Jungle_Jaguar"]
[Black "ural58"]
[Result "1-0"]
[WhiteElo "2614"]
[BlackElo "2472"]
[TimeControl "180+1"]
[EndTime "11:09:21 PST"]
[Termination "Jungle_Jaguar won on time"]

1. b3 e5 2. Bb2 Nc6 3. e3 d5 4. Bb5 Bd6 5. f4 f6 6. Nf3 exf4 7. O-O fxe3 8. Nd4 Ne7 9. Qh5+ g6 10. Qh6 Be5 11. Nxc6 bxc6 12. Bxe5 fxe5 13. Bxc6+ Nxc6 14. Qg7 Be6 15. Qxh8+ Ke7 16. Qxh7+ Kd6 17. dxe3 Qg5 18. Rf3 e4 19. Rg3 Qe5 20. c3 Bf5 21. Na3 a6 22. Rd1 Rh8 23. Nc4+ Kc5 24. Nxe5 Rxh7 25. Nxc6 Kxc6 26.
Rd4 Kd6 27. c4 c6 28. cxd5 cxd5 29. Ra4 Ra7 30. h4 Kc5 31. h5 gxh5 32. Rg5 Bg4 33. Ra5+ Kb4 34. Rgxd5 Rc7 35. Ra4+ Kc3 36. Rxa6 Kb2 37.
Rg6 Rc1+ 38. Kh2 Kxa2 39. Rd2+ Kxb3 40. Rf2 Kc3 41. Kg3 Kd3 42. Kf4 Rc5 43. Rd6+ Kc4 44. Kxe4 Rg5 45. Rd4+ Kc5 46. Rf8 Rg7 47. Kf4 1-0

[Event "*** Titled Tuesday Blitz"]
[Site "Chess.com"]
[Date "2021.02.02"]
[Round "6"]
[White "ChristopherYoo"]
[Black "enriquetejedor"]
[Result "1-0"]
[WhiteElo "2849"]
[BlackElo "2515"]
[TimeControl "180+1"]
[EndTime "11:09:22 PST"]
[Termination "ChristopherYoo won on time"]

1. d4 d5 2. Nf3 Nf6 3. c4 c6 4. e3 g6 5. Bd3 Bg7 6. O-O O-O 7.
Nbd2 Bg4 8. h3 Bxf3 9. Nxf3 Nbd7 10. b3 c5 11. Bb2 cxd4 12. Bxd4 dxc4 13. Bxc4 Qa5 14. a3 Rac8 15. b4 Qf5 16. Qb3 e5 17. Bb2 Nb6 18. Nxe5 Ne4 19. Bxf7+ Rxf7 20. Nxf7 Qxf7 21.
Qxf7+ Kxf7 22. Bxg7 Kxg7 23. Rac1 Nc4 24. Rc2 b5 25. Rd1 Nf6 26. Rd4 Re8 27. a4 a6 28.
Ra2 Re7 29. axb5 axb5 30. Kf1 Kf7 31. Ke2 Ne4 32. Kd3 Ned6 33. Ra6 Ne5+ 34. Ke2 Ndc4 35. Rd5 Rb7 36. f4 Nd7 37. e4 Nf6 38. Rd4 Nh5 39. Kf3 Nf6 40. e5 Ne8 41. g4 Nc7 42.
Rd7+ Ke8 43. e6 Nxa6 44. Rxb7 Nxb4 45. Rxb5 Na6 46. f5 gxf5 47. gxf5 Ke7 48. Rb7+ Kf6 49.
Rf7+ Kg5 50. e7 Ne5+ 51. Ke3 Nc7 52. Rf8 1-0

[Event "*** Titled Tuesday Blitz"]
[Site "Chess.com"]
[Date "2021.02.02"]
[Round "6"]
[White "Vusatiuk_Vladimir"]
[Black "TimKett"]
[Result "1-0"]
[WhiteElo "2400"]
[BlackElo "2188"]
[TimeControl "180+1"]
[EndTime "11:09:22 PST"]
[Termination "Vusatiuk_Vladimir won on time"]

1. d4 d5 2. c4 e6 3. Nc3 Nf6 4. cxd5 exd5 5. Bg5 c6 6. e3 Be7 7. Bd3 Nbd7 8. Nf3 O-O 9. O-O Re8 10. Qc2 Nf8 11. h3 Ne4 12. Bf4 Bf5 13. Nxe4 dxe4 14. Bxe4 Bxe4 15. Qxe4 Bd6 16. Qf5 g6 17. Qg5 f6 18. Qg3 Be7 19. e4 Qb6 20. b3 Qb5 21. Rad1 Rad8 22. e5 Ne6 23. Qg4 Nxf4 24. Qxf4 fxe5 25.
dxe5 Bf8 26. Ng5 Bg7 27. Rxd8 Rxd8 28. Qf7+ Kh8 29. Ne6 Rg8 30. Nxg7 Rxg7 31. Qf8+ Rg8 32. Qf6+ Rg7 33. e6 Qf5 34. Qd8+ Rg8 35. Qd7 Qd5 36. Qe7 Rg7 37. Qf8+ Rg8 38. Qf6+ Rg7 39. Re1 Qd6 40. Qg5 Qe7 41. Qe5 h6 42. Qb8+ Kh7 43. Qxa7 b5 44.
Qe3 g5 45. Qe4+ Rg6 46. h4 Kg7 47. h5 Rf6 48. Qxc6 g4 49. a4 bxa4 50. bxa4 Rf5 51. Qd7 Kf6 52. Qd4+ Kg5 53. Re5 1-0

[Event "*** Titled Tuesday Blitz"]
[Site "Chess.com"]
[Date "2021.02.02"]
[Round "6"]
[White "almo64"]
[Black "awesomevishesh"]
[Result "1-0"]
[WhiteElo "2718"]
[BlackElo "2500"]
[TimeControl "180+1"]
[EndTime "11:09:23 PST"]
[Termination "almo64 won by resignation"]

1. d4 Nf6 2. Nc3 d5 3. Bf4 g6 4. Nb5 Na6 5. e3 Bg7 6. h3 O-O 7. Nf3 c6 8. Nc3 Nb8 9. Bd3 Nbd7 10. Bh2 b5 11. O-O a5 12. a3 Nb6 13. Re1 Nc4 14.
b3 Nb2 15. Qd2 Nxd3 16. cxd3 Nd7 17. Rac1 Re8 18. e4 dxe4 19. dxe4 Nb6 20. Qe3 b4 21.
Nb1 Bb7 22. axb4 axb4 23. Qd2 Ra5 24. Qxb4 Rb5 25. Qc3 c5 26. Na3 cxd4 27. Qc7 Qxc7 28. Rxc7 Rxb3 29. Rxb7 Rxa3 30. Rxb6 e5 31. Rd1 f6 32.
Ne1 Kf7 33. Rb7+ Re7 34. Rdb1 Bf8 35. R7b3 Rea7 36. Kf1 h5 37. Rb7+ Ke6 38. R1b6+ Bd6 39. Rxa7 Rxa7 40. Nd3 Kd7 41. Rb1 Ra3 42. Ke2 Ra2+ 43.
Rb2 Ra3 44. f3 Ke6 45. Bg3 g5 46. Be1 h4 47. Rb6 Kd7 48. Rxd6+ Kxd6 49. Bb4+ Ke6 50. Bxa3 1-0

[Event "*** Titled Tuesday Blitz"]
[Site "Chess.com"]
[Date "2021.02.02"]
[Round "6"]
[White "Chuchofrio1"]
[Black "Das_Virus_2020"]
[Result "1-0"]
[WhiteElo "2283"]
[BlackElo "2412"]
[TimeControl "180+1"]
[EndTime "11:09:23 PST"]
[Termination "Chuchofrio1 won by resignation"]

1. e4 e6 2. d4 d5 3. Nc3 Nf6 4. Bg5 Be7 5. e5 Nfd7 6. Bxe7 Qxe7 7. Qh5 a6 8. O-O-O c5 9. f4 cxd4 10. Rxd4 Nc6 11. Rd1 b5 12. Nf3 b4 13. Ne2 Nc5 14.
Ned4 Nxd4 15. Nxd4 Ne4 16. Rg1 Bb7 17. Bd3 O-O-O 18.
Qe2 Nc5 19. Nb3 Nxd3+ 20. Qxd3 Kb8 21. Qd4 Qc7 22. Qxb4 Rc8 23. Rd2 Rhd8 24. Rgd1 Ka8 25. Kb1 Bc6 26. Rd3 Qb7 27. Qa3 Bb5 28. Rd4 Qb6 29. Rb4 Rc4 30. Nd4 Rxb4 31. Qxb4 Rc8 32. a4 Rc4 33. Qf8+ Ka7 34. Qxf7+ Rc7 35. Qxe6 Bxa4 36.
Qxb6+ Kxb6 37. b3 Be8 38. Ne6 Re7 39. Ng5 h6 40. Nf3 g5 41. Rxd5 gxf4 42. Rd6+ Kc7 43. Rxh6 Bc6 44. Rf6 Bxf3 45. gxf3 Rxe5 46. Rxf4 Rh5 47.
h4 Kb6 48. c4 Re5 49. Re4 Rf5 50.
f4 Rh5 51. Re6+ Ka5 52. Re5+ 1-0

[Event "*** Titled Tuesday Blitz"]
[Site "Chess.com"]
[Date "2021.02.02"]
[Round "6"]
[White "ElCoachRene"]
[Black "chess4ever007"]
[Result "0-1"]
[WhiteElo "2202"]
[BlackElo "2366"]
[TimeControl "180+1"]
[EndTime "11:09:23 PST"]
[Termination "chess4ever007 won by resignation"]

1. d4 Nf6 2. Bf4 g6 3. e3 Bg7 4. Nf3 O-O 5. Nbd2 d6 6. h3 c5 7.
c3 b6 8. Bd3 Bb7 9. Qe2 a6 10.
a4 Nbd7 11. O-O Re8 12. Bg5 h6 13. Bh4 Qc7 14. Rfd1 e5 15. dxe5 Nxe5 16. Nxe5 dxe5 17. Bg3 Qc6 18. Qf1 Rad8 19. Be2 Qe6 20. Bxa6 Bxa6 21.
Qxa6 e4 22. a5 bxa5 23. Qxe6 Rxe6 24. Nc4 Rxd1+ 25. Rxd1 Nh5 26. Rd8+ Kh7 27. Bd6 a4 28. Bxc5 Rc6 29. Rd5 Nf6 30. Re5 Nd7 31. Re7 Nxc5 32.
Rxf7 Nd3 33. Na5 Ra6 34. Nb7 Nxb2 35. Nc5 Rc6 36. Nxe4 a3 37. Ra7 Nc4 38. g4 g5 39.
f4 Nxe3 40. fxg5 hxg5 41. Nxg5+ Kg6 42. Nf3 Nc2 43. Nh4+ Kg5 44. Nf3+ Kf4 45. Nh4 Bxc3 46. Ra4+ Kg3 47. Nf5+ Kxh3 48. g5 Be1 49. Kf1 Bg3 50. g6 Rxg6 51. Ke2 Rf6 52. Ng7 Rf2+ 53. Kd3 Ne1+ 54.
Ke3 a2 55. Nf5 Rxf5 56. Rxa2 Ng2+ 57. Ke4 Rf4+ 58. Ke5 Rf2+ 0-1

[Event "*** Titled Tuesday Blitz"]
[Site "Chess.com"]
[Date "2021.02.02"]
[Round "6"]
[White "saraswathii"]
[Black "IDontWannaRecognized"]
[Result "0-1"]
[WhiteElo "2399"]
[BlackElo "2282"]
[TimeControl "180+1"]
[EndTime "11:09:25 PST"]
[Termination "IDontWannaRecognized won by resignation"]

1. e4 c6 2. d3 d5 3. Nd2 e5 4. Ngf3 Bd6 5. g3 Nf6 6. Bg2 Nbd7 7. O-O O-O 8. Qe2 a5 9. a4 Re8 10. Nh4 Nc5 11. Nb3 Nxb3 12. cxb3 b6 13. Bg5 h6 14. Bxf6 Qxf6 15. exd5 g5 16. Nf3 cxd5 17. Nd2 e4 18. dxe4 Ba6 19. Qf3 Qxf3 20. Bxf3 Bxf1 21. Rxf1 Bb4 22.
Rd1 Bxd2 23. Rxd2 dxe4 24. Bg2 Rad8 25. Rxd8 Rxd8 26. Bxe4 Rd2 27. Kg2 Kg7 28. Kf3 Rxb2 29. Bd5 f5 30. Ke3 Kf6 31. h4 Ke5 32. Bc4 f4+ 33.
gxf4+ gxf4+ 34. Kf3 h5 35. Bf7 Rb1 36. Kg2 Kf6 37. Bc4 Rb2 38. Kf3 Ke5 39. Bf7 Rb1 40. Bc4 Rh1 41. Kg2 Rc1 42. Bf7 Rc3 43. Bc4 Kf5 44. Be2 Rxb3 45. Bxh5 Rb4 46. Bd1 Kg6 47. Kh2 Kf5 48. Kg2 Rd4 49. Bf3 Rxa4 50. Bc6 Rb4 0-1

[Event "*** Titled Tuesday Blitz"]
[Site "Chess.com"]
[Date "2021.02.02"]
[Round "6"]
[White "igorkovalenko"]
[Black "Alexander_Moskalenko"]
[Result "0-1"]
[WhiteElo "2872"]
[BlackElo "2821"]
[TimeControl "180+1"]
[EndTime "11:09:28 PST"]
[Termination "Alexander_Moskalenko won on time"]

1. e4 e6 2. d4 d5 3. Nc3 Nf6 4. e5 Nfd7 5. f4 c5 6. Nf3 Nc6 7. Be3 Qb6 8. Na4 Qc7 9. Nxc5 Nxd4 10. Bxd4 Nxc5 11. Bd3 Bd7 12. O-O Nxd3 13. Qxd3 Be7 14.
c3 h6 15. h4 b5 16. b4 a5 17.
a3 O-O 18. Kh2 Qc4 19. Qe3 axb4 20. axb4 Ra4 21. Nd2 Qc7 22. Qg3 Rfa8 23. Rae1 Qd8 24. Nf3 Qf8 25. Qg4 Ra2 26. Re3 Rc2 27. Rg1 Raa2 28.
Ne1 Rd2 29. Nd3 Qd8 30. h5 Bf8 31. Rg3 Bc8 32. Nc5 Rac2 33. Nb3 Re2 34. Bc5 Rb2 35. Nd4 Re4 36. Nxb5 f5 37. exf6 Qxf6 38. Bxf8 Qxf8 39.
Rf3 e5 40. Qg6 Rxf4 41. Rxf4 Qxf4+ 42. Qg3 Rc2 43. Qxf4 exf4 44. Rf1 Bf5 45. Rxf4 Bd3 46. Nd4 Rxc3 47. Rf3 Ra3 48. g3 Ra2+ 49. Kh3 Be4 50. Rc3 Rd2 0-1

[Event "*** Titled Tuesday Blitz"]
[Site "Chess.com"]
[Date "2021.02.02"]
[Round "6"]
[White "Chessbard1972"]
[Black "rachidhuilda"]
[Result "1-0"]
[WhiteElo "2406"]
[BlackElo "2223"]
[TimeControl "180+1"]
[EndTime "11:09:28 PST"]
[Termination "Chessbard1972 won by resignation"]

1. e4 c5 2. Nf3 e6 3. d4 cxd4 4. Nxd4 a6 5. Nc3 Qc7 6. Be3 Bb4 7. Qd2 Nf6 8. Bd3 d5 9. f3 e5 10. O-O exd4 11. Bxd4 Bc5 12. Bxc5 Qxc5+ 13. Kh1 dxe4 14. fxe4 O-O 15. Rae1 Nc6 16. Nd5 Nxd5 17. exd5 Nb4 18. Be4 Bd7 19. a3 Nxc2 20. Bxc2 Rae8 21. Qd3 g6 22.
Qd2 Bb5 23. Rg1 Rxe1 24. Rxe1 Re8 25. Rxe8+ Bxe8 26. h3 Bb5 27. Be4 Qd6 28. Bf3 Bd7 29. b4 Qe5 30. Qc1 Kg7 31. Qd2 h5 32. Kg1 Qa1+ 33. Kf2 Qe5 34. Qe3 Qxe3+ 35. Kxe3 Kf6 36. Kd4 b6 37. h4 Ke7 38. Be2 Kd6 39. Bxa6 Ba4 40.
Bc4 Bd1 41. Ba2 Ba4 42. Bc4 Kd7 43. Ke5 Ke7 44. g3 f6+ 45. Kd4 Kd6 46. Bd3 Be8 47. Bc2 g5 48. a4 Bd7 49. a5 bxa5 50. bxa5 Bb5 51. Bd3 Bxd3 52. Kxd3 Kxd5 53. a6 Kc6 54. Ke4 Kb6 55. Kf5 gxh4 56. gxh4 Kxa6 57. Kxf6 Kb7 58. Kg5 Kc7 59. Kxh5 Kd7 60. Kg6 Ke7 61. Kg7 1-0

[Event "*** Titled Tuesday Blitz"]
[Site "Chess.com"]
[Date "2021.02.02"]
[Round "6"]
[White "kai_nov"]
[Black "Tiradini007"]
[Result "1/2-1/2"]
[WhiteElo "2389"]
[BlackElo "2211"]
[TimeControl "180+1"]
[EndTime "11:09:28 PST"]
[Termination "Game drawn by repetition"]

1. d4 Nf6 2. c4 e5 3. dxe5 Ng4 4. e4 Nxe5 5. f4 Ng6 6. Nf3 Nc6 7. a3 a5 8. Be3 b6 9. Nc3 Bc5 10. Qd2 Bxe3 11. Qxe3 O-O 12. h4 Re8 13. h5 Nge7 14.
O-O-O Nf5 15. Qf2 Nh6 16. g4 Nxg4 17. Qg3 d6 18. Rg1 g6 19. Ng5 h6 20. Nxf7 Kxf7 21.
hxg6+ Kg7 22. Be2 Nf6 23. e5 Ng8 24. Nd5 Nce7 25. Nf6 Rf8 26. Qc3 Nxf6 27. exf6+ Rxf6 28. Bf3 Rb8 29. Rde1 Qf8 30. Re3 Nf5 31. Re2 Bd7 32. Rge1 Re8 33. Be4 Ng3 34. Re3 Nxe4 35. Rxe4 Rxe4 36.
Rxe4 Bf5 37. Re2 Kxg6 38. Qe1 Kh7 39. Re7+ Rf7 40. Re3 Rf6 41. Re8 Qf7 42. Re7 Kg6 43.
Rxf7 Rxf7 44. Qg3+ Kf6 45. Qh4+ Kg6 46. Qg3+ Kf6 47.
Qh4+ Kg6 48. Qg3+ 1/2-1/2

[Event "*** Titled Tuesday Blitz"]
[Site "Chess.com"]
[Date "2021.02.02"]
[Round "6"]
[White "beto-betun"]
[Black "publicaccountcze"]
[Result "1/2-1/2"]
[WhiteElo "2192"]
[BlackElo "2351"]
[TimeControl "180+1"]
[EndTime "11:09:28 PST"]
[Termination "Game drawn - insufficient material"]

1. d4 d5 2. Nf3 e6 3. g3 c5 4. Bg2 Nc6 5. O-O Nf6 6. c4 dxc4 7. dxc5 Qxd1 8. Rxd1 Bxc5 9. Nfd2 Nd4 10. Nc3 Bb4 11. Nxc4 Bxc3 12. bxc3 Nxe2+ 13. Kf1 Nxc3 14. Rd3 Nce4 15. Ba3 Bd7 16. f3 Bb5 17. Rc1 Rc8 18. fxe4 Bxc4 19. Kf2 b5 20. Rd2 Rd8 21. Rxd8+ Kxd8 22.
Bc5 a6 23. a4 Kc8 24. axb5 axb5 25. Ra1 Kb8 26. Ra7 Rc8 27. Bb6 Rc6 28. Be3 Rc7 29. Bf4 e5 30. Bxe5 Kxa7 31. Bxc7 Ne8 32. Bd8 Kb7 33. Bf1 Bxf1 34. Kxf1 Nd6 35. e5 Nc4 36. e6 fxe6 37. Be7 Kc6 38. Ke2 g6 39.
Kd3 Kd5 40. Kc3 e5 41. h4 e4 42. Bg5 Nd6 43. g4 e3 44. Bxe3 Ke4 45. Bg5 Kf3 46.
Be7 Nf7 47. h5 Kxg4 48. hxg6 hxg6 49. Kb4 g5 50. Bxg5 Kf5 51. Kxb5 1/2-1/2

[Event "*** Titled Tuesday Blitz"]
[Site "Chess.com"]
[Date "2021.02.02"]
[Round "6"]
[White "Alexsur1981"]
[Black "AlexTriapishko"]
[Result "1-0"]
[WhiteElo "2859"]
[BlackElo "2912"]
[TimeControl "180+1"]
[EndTime "11:09:29 PST"]
[Termination "Alexsur1981 won on time"]

1. e4 e5 2. f4 d5 3. exd5 exf4 4. Nf3 Nf6 5. Bc4 Nxd5 6. O-O Be7 7. d4 Be6 8. Bxd5 Bxd5 9. Bxf4 O-O 10. Nc3 c6 11.
Nxd5 Qxd5 12. c3 Nd7 13. Qb3 Nb6 14. Ne5 f6 15. Qxd5+ Nxd5 16. Nd3 b5 17. Bd2 Rfe8 18.
Kf2 Bd6 19. Rfe1 Kf7 20. g3 Nb6 21. b3 a5 22. Rxe8 Kxe8 23. Ke2 a4 24. Re1 Kd7 25. Kd1 axb3 26. axb3 Ra2 27. Re2 Bf8 28. g4 Nd5 29. c4 bxc4 30. bxc4 Nb6 31. c5 Nd5 32. g5 Ra4 33. gxf6 gxf6 34. Re4 Be7 35. Rh4 Ke6 36. Ke2 Ra2 37. Rxh7 Nc3+ 38. Ke1 Ra1+ 39. Kf2 Nd5 40. Nf4+ Nxf4 41. Bxf4 Ra2+ 42. Kf3 Ra3+ 43. Be3 Ra2 44. h4 f5 45. Rh6+ Kd5 46. Bg5 Ra3+ 47.
Kf4 Bf8 48. Rf6 Bg7 49. Rd6+ Kc4 50. Rxc6 Bxd4 51. Kxf5 Kd5 52. Rc8 Rf3+ 53. Kg4 Rf1 54. c6 Bb6 55. h5 Kd6 56. h6 Rh1 57. Kf5 Bc7 58. Bf4+ 1-0

[Event "*** Titled Tuesday Blitz"]
[Site "Chess.com"]
[Date "2021.02.02"]
[Round "6"]
[White "Squirlolz"]
[Black "swisspower96"]
[Result "0-1"]
[WhiteElo "2490"]
[BlackElo "2655"]
[TimeControl "180+1"]
[EndTime "11:09:29 PST"]
[Termination "swisspower96 won by checkmate"]

1. d4 Nf6 2. Nf3 d5 3. e3 c5 4. Bd3 Nc6 5. b3 Bg4 6. Bb2 e6 7. Nbd2 Be7 8. O-O O-O 9. h3 Bh5 10. c4 cxd4 11. exd4 Rc8 12. Be2 dxc4 13. Nxc4 Nd5 14.
Nfe5 Bxe2 15. Qxe2 Ncb4 16. a3 Nc6 17. Rad1 Bf6 18.
Rfe1 a6 19. Qf3 b5 20. Ne3 Nce7 21. N3g4 Bg5 22. Nd3 Nf5 23. Nc5 a5 24. g3 Be7 25. Rc1 Bd6 26. Ne5 Qe7 27. Ned3 Rfd8 28. Re2 Qg5 29. Rec2 Rc7 30. Ne4 Qe7 31. Ndc5 Rdc8 32.
a4 Nb4 33. Rd2 bxa4 34. bxa4 h6 35. Ba3 Qf8 36. Qd3 Nxd3 37. Rxd3 Bxc5 38. Nxc5 Qe8 39. Rb1 Ne7 40. Rb5 Nd5 41. Kg2 Ra8 42. h4 Rb8 43. Rdb3 Rxb5 44. axb5 Nb6 45. Kh2 a4 46. Rb1 Ra7 47. Na6 Qd7 48. Bc5 Rb7 49. Nb4 Nd5 50. Nc6 Nc3 51. Ra1 Nxb5 52. Ne5 Qd5 53. Rxa4 Nc3 54. Ra8+ Kh7 55. Ra3 Rb1 56. Rxc3 Rh1# 0-1

[Event "*** Titled Tuesday Blitz"]
[Site "Chess.com"]
[Date "2021.02.02"]
[Round "6"]
[White "Camels1981"]
[Black "Manukyan_Artak"]
[Result "1/2-1/2"]
[WhiteElo "2293"]
[BlackElo "2416"]
[TimeControl "180+1"]
[EndTime "11:09:29 PST"]
[Termination "Game drawn - insufficient material"]

1. e4 c6 2. d4 d5 3. exd5 cxd5 4. c4 Nf6 5. Nc3 g6 6. cxd5 Bg7 7. Qb3 O-O 8. Be2 Nbd7 9. Bf3 Nb6 10. Nge2 Bf5 11. a4 Bd3 12. a5 Bc4 13. Qb4 Bxe2 14.
Nxe2 Nbxd5 15. Qxb7 Rb8 16. Qa6 Nb4 17. Qc4 e6 18. O-O Nfd5 19. Bd2 Rc8 20. Qb3 Rb8 21. Rfc1 Qh4 22. g3 Qf6 23. Bg2 Nc6 24. Qd3 Nxd4 25. Nxd4 Qxd4 26. Qxd4 Bxd4 27. Bxd5 exd5 28. Bc3 Bxc3 29.
bxc3 Rfc8 30. Rd1 Rc5 31. a6 Kf8 32. Rab1 Rxb1 33. Rxb1 Rc6 34. Rb8+ Kg7 35. Rd8 Rxa6 36. Rxd5 Ra1+ 37. Kg2 a5 38. c4 a4 39. Ra5 Kf6 40.
c5 Ke6 41. Ra7 a3 42. c6 a2 43. c7 Kd7 44. h4 h5 45. Kf3 f6 46. Kf4 Kc8 47. Kf3 g5 48. Kg2 gxh4 49. gxh4 Kd7 50.
Kf3 Kc8 51. Kf4 Rh1 52. Rxa2 Rxh4+ 53. Kf5 Kxc7 54. Kxf6 Rh1 55. Kg5 Kd6 56. Re2 h4 57.
Kg4 h3 58. Kg3 Kd5 59. f4 Rf1 60. Kxh3 Rxf4 61. Kg3 Re4 62. Rxe4 Kxe4 1/2-1/2

[Event "*** Titled Tuesday Blitz"]
[Site "Chess.com"]
[Date "2021.02.02"]
[Round "6"]
[White "Reader777"]
[Black "FontVella8"]
[Result "1-0"]
[WhiteElo "2798"]
[BlackElo "2588"]
[TimeControl "180+1"]
[EndTime "11:09:30 PST"]
[Termination "Reader777 won by checkmate"]

1. d4 d5 2. c4 c6 3. Nf3 Nf6 4. g3 dxc4 5. Bg2 b5 6. a4 Bb7 7. O-O e6 8. b3 cxb3 9. Qxb3 b4 10. Ne5 Be7 11. Bb2 O-O 12. Nd2 a5 13. Rfc1 Qb6 14. Ndc4 Qa6 15. e4 c5 16. dxc5 Bxc5 17. Nd3 Nbd7 18. Bxf6 gxf6 19. Nxc5 Nxc5 20. Qe3 Rac8 21.
Ne5 fxe5 22. Rxc5 f6 23. Rac1 Qd6 24. Rxa5 Rxc1+ 25. Qxc1 Rc8 26. Qb1 Qd2 27. Qb3 Rc1+ 28.
Bf1 Qd6 29. Qe3 Ba6 30. Qxc1 Bxf1 31. Qxf1 b3 32. Rb5 Qa3 33. Qb1 Qxa4 34. Qxb3 Qxe4 35. Qxe6+ Kg7 36. Qe7+ Kg6 37. Qb4 Qe2 38. Rc5 Qd1+ 39.
Kg2 h5 40. Qe4+ Kh6 41. h4 Qd8 42. Rc6 Kg7 43. Qf3 Qe7 44. Qxh5 Qb7 45. Qg4+ Kf7 46.
Qe6+ Kg7 47. Qxf6+ Kg8 48. Qe6+ Kh8 49. h5 e4 50.
Rc8+ Kg7 51. Qg6# 1-0

[Event "*** Titled Tuesday Blitz"]
[Site "Chess.com"]
[Date "2021.02.02"]
[Round "6"]
[White "L1m96"]
[Black "Naaas1"]
[Result "0-1"]
[WhiteElo "2553"]
[BlackElo "2767"]
[TimeControl "180+1"]
[EndTime "11:09:30 PST"]
[Termination "Naaas1 won on time"]

1. d4 Nf6 2. c4 g6 3. Nf3 Bg7 4. Nc3 O-O 5. Bf4 d6 6. e3 Nbd7 7. h3 Re8 8. Be2 b6 9. O-O Bb7 10. Qc2 e5 11. dxe5 Nxe5 12. Nxe5 dxe5 13. Rad1 Qe7 14. Bg5 c6 15. Ne4 Red8 16. Rxd8+ Rxd8 17. Rd1 c5 18. Nc3 Rxd1+ 19. Qxd1 Qd7 20. Bxf6 Qxd1+ 21. Bxd1 Bxf6 22. Nd5 Bd8 23. e4 Bg5 24. Kf1 h5 25.
Ke2 Kf8 26. Ba4 Bc8 27. Bc6 Bc1 28. b3 Bb2 29. Ne3 f5 30. exf5 gxf5 31. h4 Kg7 32. Be8 Kh6 33. g3 Bd4 34. Nd5 Be6 35. Nf6 f4 36. Kf3 Bf5 37. gxf4 Bb1 38. Ne4 exf4 39. Kxf4 Bxa2 40. Ba4 Bb1 41. Nd6 Bxf2 42. Bc6 Bxh4 43. Nf5+ Bxf5 44. Kxf5 Be1 45. Bf3 h4 46. Bg4 Kg7 47. Bf3 Kf7 48. Bd5+ Ke7 49. Kg4 Kd6 50. Bf3 Ke5 51. Bc6 Kd4 52. Ba4 Kc3 53. Kh3 Kb4 54.
Kg4 a6 0-1

[Event "*** Titled Tuesday Blitz"]
[Site "Chess.com"]
[Date "2021.02.02"]
[Round "6"]
[White "Brave_spirit12"]
[Black "SergeiAza"]
[Result "0-1"]
[WhiteElo "2503"]
[BlackElo "2778"]
[TimeControl "180+1"]
[EndTime "11:09:30 PST"]
[Termination "SergeiAza won by resignation"]

1. e4 c5 2. c3 Nf6 3. e5 Nd5 4. d4 cxd4 5. cxd4 d6 6. Nf3 e6 7. Nc3 Nc6 8. Bd3 dxe5 9. Nxe5 Nxe5 10. dxe5 Bb4 11. O-O Nxc3 12. bxc3 Bxc3 13. Rb1 Bxe5 14.
Ba3 Bd7 15. Rxb7 Rb8 16. Rxa7 Ra8 17. Rxa8 Qxa8 18. Qb3 Qa4 19. Rb1 Qxb3 20. Rxb3 Bc6 21. Rb6 Kd7 22. Ra6 Bd4 23. Bb5 Bxb5 24. Rd6+ Kc7 25. Rxd4 Ra8 26. Bd6+ Kc6 27. Rd2 Bc4 28. a3 f6 29. Bb4 Bd5 30. h4 Kd7 31. h5 Rc8 32.
Kh2 Rc1 33. Rb2 Rc4 34. g3 Rc1 35. g4 e5 36. Kg3 Rg1+ 37. Kh3 Rh1+ 38. Kg3 Rg1+ 39.
Kh3 Bf3 40. Bf8 Bxg4+ 41. Kh2 Rf1 42. Bxg7 e4 43. Bxf6 e3 44. Bh4 e2 45. f3 Bxf3 46. Rd2+ Ke6 47. Rd3 Rh1+ 48. Kg3 Rxh4 49. Kxf3 e1=Q 50.
Re3+ Qxe3+ 51. Kxe3 Rh3+ 0-1

[Event "*** Titled Tuesday Blitz"]
[Site "Chess.com"]
[Date "2021.02.02"]
[Round "6"]
[White "Agoking701"]
[Black "LucaBrasi1968"]
[Result "0-1"]
[WhiteElo "2308"]
[BlackElo "2510"]
[TimeControl "180+1"]
[EndTime "11:09:31 PST"]
[Termination "LucaBrasi1968 won on time"]

1. e4 c6 2. d4 d5 3. Nd2 dxe4 4.
Nxe4 Bf5 5. Ng3 Bg6 6. Bc4 Nf6 7.
f4 e6 8. Nf3 Ne4 9. c3 Nd7 10.
Qe2 Ndf6 11. Ne5 Nxg3 12. hxg3 Be4 13. g4 Bd5 14. Bd3 b5 15. g5 Nd7 16. a4 Nxe5 17. fxe5 a6 18. g6 fxg6 19. axb5 cxb5 20. Bxg6+ Kd7 21.
Be4 Be7 22. Bxd5 exd5 23. Qg4+ Kc7 24. Bf4 g6 25. Qe6 Qd7 26. Qxd7+ Kxd7 27. Ke2 Ke6 28. Bh6 Rhg8 29. b4 Rgc8 30. Kd3 Bd8 31. Ra3 a5 32.
bxa5 Rxa5 33. Rha1 Rxa3 34. Rxa3 Kf5 35. Ra7 Rc7 36. Rxc7 Bxc7 37. Bc1 h5 38. Bd2 g5 39. Ke3 g4 40. Be1 Bd8 41. Kd3 h4 42. Ke3 Bg5+ 43.
Ke2 h3 44. gxh3 gxh3 45. Kf3 Bf4 46. e6 Bg5 47. e7 Bxe7 48. Kg3 Ke4 49. Kxh3 Kd3 50.
Kg4 Ba3 51. Kf5 Bb2 52. Ke6 Bxc3 53. Bg3 b4 54. Kxd5 b3 55. Bd6 b2 0-1

[Event "*** Titled Tuesday Blitz"]
[Site "Chess.com"]
[Date "2021.02.02"]
[Round "6"]
[White "PriSachu"]
[Black "picturesquecheck"]
[Result "1-0"]
[WhiteElo "2483"]
[BlackElo "2219"]
[TimeControl "180+1"]
[EndTime "11:09:32 PST"]
[Termination "PriSachu won by resignation"]

1. e4 c5 2. Nf3 Nc6 3. d4 cxd4 4. Nxd4 Nf6 5. Nc3 d6 6. Bg5 e6 7. Qd2 a6 8. O-O-O h6 9. Nxc6 bxc6 10. Bf4 d5 11. Qe3 Bb4 12. Be2 O-O 13. Be5 Bxc3 14. Qxc3 Nxe4 15. Qe3 Qa5 16. Bd3 Qxa2 17. Bxe4 dxe4 18. b3 Qa3+ 19. Bb2 Qe7 20. Qxe4 Bb7 21. Qd4 f6 22. Qd7 Rf7 23. Qxe7 Rxe7 24. Ba3 Rc7 25.
Bc5 a5 26. Rd6 Kf7 27. Rhd1 Bc8 28. Rd8 Kg6 29. Re8 Bb7 30. Rxa8 Bxa8 31. Rd8 Bb7 32. Bb6 Rc8 33. Rd7 Ba6 34. Bxa5 c5 35. c4 Rc6 36.
Kc2 e5 37. Kc3 Bc8 38. Rc7 Rxc7 39. Bxc7 Kf7 40. Bd6 Ke6 41. Bxc5 Bb7 42. g3 f5 43. Be3 g5 44. f4 gxf4 45. gxf4 exf4 46. Bxf4 h5 47.
Kd4 Be4 48. b4 h4 49. b5 h3 50. c5 Kd7 51. Ke5 Bd3 52. c6+ Kc7 53. Kd5+ Kc8 54.
Kc5 Be4 55. b6 1-0

[Event "*** Titled Tuesday Blitz"]
[Site "Chess.com"]
[Date "2021.02.02"]
[Round "6"]
[White "Sibelephant"]
[Black "Paralinch"]
[Result "1/2-1/2"]
[WhiteElo "3057"]
[BlackElo "2907"]
[TimeControl "180+1"]
[EndTime "11:09:33 PST"]
[Termination "Game drawn by repetition"]

1. Nf3 d5 2. b3 Bf5 3. Bb2 e6 4. e3 h6 5. c4 Nf6 6. Nc3 Nbd7 7. Be2 c6 8. O-O Bd6 9. a3 O-O 10. b4 a6 11. Rc1 e5 12. cxd5 cxd5 13. d3 Re8 14. Re1 Rc8 15. h3 Qe7 16. Bf1 Be6 17.
Ne2 Rxc1 18. Qxc1 Qf8 19. Ng3 e4 20. dxe4 Bxg3 21. fxg3 dxe4 22. Nd4 Qd6 23. Ne2 Ne5 24. Bxe5 Qxe5 25. Qd2 Bc4 26. Nf4 Bxf1 27. Rxf1 Rc8 28. Kh2 h5 29. Qf2 Rc3 30. Rd1 Rxa3 31. Rd8+ Kh7 32.
Qd2 Rb3 33. Rf8 Qe7 34. Rc8 Rxb4 35. Nd5 Nxd5 36. Qxd5 Rb5 37. Qd4 h4 38. gxh4 Qxh4 39. Re8 Rg5 40. Qd2 Qg3+ 41. Kh1 Rf5 42. Qe2 g6 43.
Kg1 Ra5 44. Qb2 Qxe3+ 45. Kh1 f6 46. Qxf6 Qc1+ 47. Kh2 Qc7+ 48. Kh1 Qc1+ 49. Kh2 Qc7+ 50. Kh1 Qc1+ 1/2-1/2

[Event "*** Titled Tuesday Blitz"]
[Site "Chess.com"]
[Date "2021.02.02"]
[Round "6"]
[White "Volodar_Murzin"]
[Black "hansen"]
[Result "0-1"]
[WhiteElo "2624"]
[BlackElo "2916"]
[TimeControl "180+1"]
[EndTime "11:09:33 PST"]
[Termination "hansen won on time"]

1. e4 d6 2. d4 Nf6 3. Nc3 e5 4.
dxe5 dxe5 5. Qxd8+ Kxd8 6. Nf3 Bd6 7. Bc4 Ke8 8. Bg5 Nbd7 9. O-O-O a6 10. Rhe1 h6 11.
Bh4 b5 12. Bb3 Bb7 13. Bg3 Ke7 14. Nh4 g6 15. f4 Rhe8 16. f5 g5 17. Nf3 Kf8 18.
Nd5 Kg7 19. Nxf6 Nxf6 20. Nd2 Bc5 21. c3 Rad8 22. Bc2 Ng4 23. Nf1 h5 24. Rxd8 Rxd8 25. h3 h4 26. Bh2 Nxh2 27. Nxh2 Bf2 28. f6+ Kg6 29. Rf1 Bg3 30. Ng4 Bc8 31. Bd1 Be6 32. Bf3 Bxa2 33. Kc2 Bf4 34. Rd1 Rxd1 35. Bxd1 Be6 36. b4 Bc4 37. Bf3 Kh7 38. Nf2 Kg6 39. Ng4 Be6 40. Kd3 Bg3 41. Ne3 Bf2 42. Ng4 Bg3 43. Kc2 Kh7 44. Kd3 Kg8 45. Ne3 c6 46. Bg4 Ba2 47. Bc8 Bb1+ 48. Ke2 Bxe4 49. Bxa6 Bf4 50.
Ng4 Bxg2 51. Bb7 Bd5 52. Nh6+ Kh7 53. Ng4 Kg6 54. Kf2 e4 55. Ke2 Kf5 0-1